 Seeded DCSS version 0.30-a0-29-g142975f185 (webtiles) character file.

Game seed: 1775956969269947201 (custom seed)

68 purpskrrrp the Trooper (level 4, -2/37 HPs)
             Began as a Merfolk Fighter on Aug 26, 2022.
             Was a Follower of Dithmenos.
             Slain by a gnoll
             ... wielding a +0 flail
              (4 damage)
             ... on level 3 of the Dungeon.
             The game lasted 00:02:30 (1624 turns).

purpskrrrp the Trooper (Merfolk Fighter)            Turns: 1624, Time: 00:02:32

Health: -2/37      AC:  6    Str: 18    XL:     4   Next: 19%
Magic:  4/4        EV:  9    Int:  7    God:    Dithmenos [*.....]
Gold:   24         SH:  5    Dex: 13    Spells: 3/3 levels left

rFire   . . .      SeeInvis .    a - +0 trident
rCold   . . .      Faith    .    c - +0 buckler
rNeg    . . .      Spirit   .    b - +0 scale mail
rPois   .          Reflect  .    (no helmet)
rElec   .          Harm     .    (no cloak)
rCorr   .          Rampage  .    (no gloves)
Will    .....                    (no boots)
Stlth   ..........               (no amulet)
HPRegen 0.12/turn                (no ring)
MPRegen 0.09/turn                (no ring)

@: wreathed by umbra
A: (nimble swimmer 2), mertail
a: Renounce Religion


You were on level 3 of the Dungeon.
You worshipped Dithmenos.
Dithmenos was aware of your devotion.
You visited 1 branch of the dungeon, and saw 3 of its levels.

You collected 24 gold pieces.

Inventory:

Hand Weapons
 a - a +0 trident (weapon)
Armour
 b - a +0 scale mail (worn)
 c - a +0 buckler (worn)
Jewellery
 q - a ring of protection from cold
Scrolls
 f - a scroll of acquirement {unknown}
 g - 3 scrolls of identify {unknown}
 h - a scroll of magic mapping {unknown}
 j - a scroll of noise {unknown}
 k - a scroll of fear {unknown}
 l - a scroll of brand weapon {unknown}
 m - a scroll of vulnerability {unknown}
 n - a scroll of amnesia {unknown}
Potions
 d - a potion of might
 e - a potion of invisibility {unknown}
 i - 2 potions of heal wounds {unknown}
 o - a potion of berserk rage {unknown}
 p - 2 potions of flight {unknown}
 r - a potion of brilliance {unknown}
 s - a potion of curing {unknown}


   Skills:
 + Level 3.8 Fighting
 * Level 3.7 Polearms
 + Level 2.5 Armour
 * Level 1.5 Dodging
 - Level 3.3 Shields


You had 3 spell levels left.
You didn't know any spells.
Your spell library contained the following spells:

 Spells                   Type           Power      Damage    Failure   Level
 Petrify                  Tmut/Erth      0%         N/A       100%        4
 Metabolic Englaciation   Hex/Ice        0%         N/A       100%        5
 Summon Forest            Summ/Tloc      0%         N/A       100%        5
 Eringya's Noxious Bog    Tmut/Pois      0%         N/A       100%        6
 Statue Form              Tmut/Erth      0%         N/A       100%        6
 Summon Hydra             Summ           0%         N/A       100%        7


Dungeon Overview and Level Annotations

Branches:
Dungeon (3/15)

Altars:
Dithmenos


Innate Abilities, Weirdness & Mutations

((You are very nimble when in or above water. (Stealth+, EV+, Speed+++)))
Your lower body shifts to a powerful aquatic tail in water.


Message History

Found 8 stones.
There is a stone staircase leading up here.
A gnoll comes into view. It is wielding a +0 flail.
The gnoll shouts!
You hear a shout!
A gnoll comes into view. It is wielding a +0 spear.
The gnoll shouts!
A gnoll comes into view. It is wielding a +4 vampiric halberd.
The gnoll shouts!
A hobgoblin comes into view.
You reach to attack!
You puncture the gnoll!
The gnoll is severely wounded.
The gnoll barely misses you.
You reach to attack!
You hit the gnoll but do no damage.
The gnoll is severely wounded.
A gnoll comes into view. It is wielding a +0 whip.
The gnoll barely misses you.
You reach to attack!
The gnoll shouts!
You puncture the gnoll!
You kill the gnoll!
Dithmenos accepts your kill.
You reach to attack!
You puncture the gnoll!
The gnoll is severely wounded.
You closely miss the gnoll.
The gnoll is severely wounded.
You block the gnoll's attack.
You hit the gnoll.
The gnoll is almost dead.
The gnoll hits you with a +0 flail.
The gnoll hits you from afar with a +4 vampiric halberd!
You are too injured to fight recklessly!
You are too injured to fight recklessly!
You closely miss the gnoll.
The gnoll is almost dead.
The gnoll hits you from afar with a +4 vampiric halberd!
* * * LOW HITPOINT WARNING * * *
The gnoll hits you with a +0 flail.
* * * LOW HITPOINT WARNING * * *
The gnoll hits you with a +0 flail.
You die...

#.#.#######
#..gggg@..#
..#######.#
#.....#.#
#.###.#.#
#.#.#.#.#
#.#.#.#.#
#.#...#.#
#.#<.(#.#
#.#####.#


You could see 3 gnolls and a hobgoblin.

Vanquished Creatures
  A gnoll (D:3)
  An adder (D:2)
  A dart slug (D:2)
  4 bats
  4 endoplasms
  2 giant cockroaches (D:2)
  2 goblins (D:2)
  6 hobgoblins
  6 jackals (D:1)
  5 ball pythons
  3 frilled lizards
  5 kobolds (D:1)
  5 rats
45 creatures vanquished.

Notes
Turn   | Place    | Note
-------+----------+-------------------------------------------
     0 | D:1      | purpskrrrp the Merfolk Fighter began the quest for the Orb.
     0 | D:1      | Reached XP level 1. HP: 18/18 MP: 1/1
    88 | D:1      | Reached XP level 2. HP: 12/24 MP: 2/2
   427 | D:1      | Reached XP level 3. HP: 29/29 MP: 3/3
   559 | D:1      | Found a faded altar of an unknown god.
   875 | D:1      | Prayed at the altar of an unknown god.
   875 | D:1      | Became a worshipper of Dithmenos the Shadowed
   875 | D:1      | Reached * piety under Dithmenos
  1235 | D:2      | Reached skill level 1 in Dodging
  1427 | D:2      | Reached XP level 4. HP: 23/37 MP: 4/4
  1624 | D:3      | Slain by a gnoll

Illustrated notes

Levels and vault maps discovered:
D:1:      psy_arrival_radial02, layout_basic,
          shapermc_ecumenical_altar_mp_ritualfount
D:2:      layout_loops_cross
D:3:      layout_basic

Skill      XL: |  1  2  3 |
---------------+----------+-----
Polearms       | 3 |  3.7
Dodging        | 1 |  1.5
Fighting       | |  3.8
Armour         | |  2.5
Shields        | |  3.3

Action                   |  1- 3 |  4- 6 || total
-------------------------+-------+-------++-------
Melee: Trident           |   117 |     7 ||   124
Armor: Scale mail        |    53 |       ||    53
Dodge: Dodged            |    49 |     2 ||    51
Block: Buckler           |    27 |     1 ||    28

Table legend: (Time is in decaauts)
 A = Elapsed time spent in this place.
 B = Non-inter-level travel time spent in this place.
 C = Inter-level travel time spent in this place.
 D = Time resting spent in this place.
 E = Time spent auto-exploring this place.
 F = Levels seen in this place.
 G = Mean time per level.
                   A        B        C        D        E       F      G
               +--------+--------+--------+--------+--------+-----+--------+
         Total |   1644 |   1600 |     44 |    112 |   1233 |   3 |  548.0 |
       Dungeon |   1644 |   1600 |     44 |    112 |   1233 |   3 |  548.0 |
               +--------+--------+--------+--------+--------+-----+--------+

Top non-repeatable levels by time:
     D:1: 906 daAuts
     D:2: 702 daAuts
     D:3: 35 daAuts
